 Dungeon Crawl Stone Soup version 0.25.1-2-g60ff931df9 (webtiles) character file.

Game seed: 2501717528737989389

15 Descartes the Covered (level 2, -2/24 HPs)
             Began as a Formicid Chaos Knight on Aug 15, 2020.
             Was a Plaything of Xom.
             Slain by an anaconda (glowing shapeshifter) (3 damage)
             ... on level 1 of the Dungeon on Aug 16, 2020.
             The game lasted 00:01:22 (297 turns).

Descartes the Covered (Formicid Chaos Knight)        Turns: 297, Time: 00:01:22

Health: -2/24      AC:  5    Str: 16    XL:     2   Next: 65%
Magic:  2/2        EV:  8    Int: 11    God:    Xom [.*....]
Gold:   42         SH:  0    Dex: 10    Spells: 1/1 levels left

rFire    . . .     SeeInvis +   a - +0 falchion (chaos)
rCold    . . .     Gourm    .   (no shield)
rNeg     . . .     Faith    .   b - +2 leather armour
rPois    .         Spirit   .   (helmet unavailable)
rElec    .         Reflect  .   (no cloak)
rCorr    .         Harm     .   (no gloves)
MR       .....                  (no boots)
Stlth    +.........             (no amulet)
HPRegen  0.08/turn              (no ring)
MPRegen  0.08/turn              (no ring)

@: constricted
A: permanent stasis, dig shafts and tunnels, four strong arms, antennae 3
a: Dig, Shaft Self, Renounce Religion


You were on level 1 of the Dungeon.
You worshipped Xom.
You were a plaything of Xom.
You were not hungry.

You visited 1 branch of the dungeon, and saw 1 of its levels.

You collected 42 gold pieces.

Inventory:

Hand Weapons
 a - a +0 falchion of chaos (weapon)
Missiles
 d - 42 stones (quivered)
Armour
 b - a +2 leather armour (worn)
Scrolls
 e - a scroll of identify {unknown}
Comestibles
 c - 3 rations
 f - 4 chunks of flesh


   Skills:
 - Level 3.2 Fighting
 - Level 3.0 Long Blades
 + Level 3.3 Armour
 - Level 0.8 Dodging


You had one spell level left.
You didn't know any spells.
Your spell library was empty.

Dungeon Overview and Level Annotations

Branches:
Dungeon (1/15)

Altars:


Innate Abilities, Weirdness & Mutations

You cannot be hasted, slowed, berserked, paralysed or teleported.
You can dig through walls and to a lower floor.
Your four strong arms can wield two-handed weapons with a shield.
You have a pair of large antennae on your head. (SInv)


Message History

You don't know any spells.
You don't know any spells.
You don't know any spells.
You hit the glowing orange brain. You freeze the glowing orange brain.
The glowing orange brain is moderately wounded.
The glowing orange brain changes into a water nymph!
You closely miss the water nymph.
The water nymph changes into an anaconda!
You barely miss the anaconda. The anaconda closely misses you.
The anaconda barely misses you.
You closely miss the anaconda.
Xom's power touches on a nearby monster.
The anaconda is moving more slowly.
The anaconda misses you. The anaconda bites you!
* * * LOW HITPOINT WARNING * * *
Xom thinks this is hilarious!
The anaconda grabs you. The anaconda bites you.
* * * LOW HITPOINT WARNING * * *
You die...
Xom bursts into laughter!

#.............#
#########
#...........รท.#
.....
+.............+
.....
#.............#
.....
#......#.#....#
.....
#.............#
.....
#.....#.#..###
.....
#..........#
.....
#......@####
.... #.....S%#
.... +.......+
.... #.......# #
##### ####...##
#. ####.#.#
...##
##..##.###...
....
#........##..
.....
##....<....#.
####.......#


You could see an anaconda shaped shifter (petrifying).

Vanquished Creatures
  An ooze (D:1)
  A dart slug (D:1)
  A leopard gecko (D:1)
  2 bats (D:1)
  A hobgoblin (D:1)
  A kobold (D:1)
  A frilled lizard (D:1)
8 creatures vanquished.

Notes
Turn   | Place    | Note
-------+----------+-------------------------------------------
     0 | D:1      | Descartes the Formicid Chaos Knight began the quest for the
                  | Orb.
     0 | D:1      | Reached XP level 1. HP: 18/18 MP: 1/1
    65 | D:1      | Reached XP level 2. HP: 24/24 MP: 2/2
    97 | D:1      | XOM: silly message
   145 | D:1      | XOM: noise
   289 | D:1      | Noticed a glowing shapeshifter
   289 | D:1      | a rat changed into a glowing shapeshifter
   289 | D:1      | Noticed a merfolk
   289 | D:1      | a glowing shapeshifter changed into a merfolk
   291 | D:1      | XOM: enchant monster (bad)
   291 | D:1      | Noticed a water nymph
   291 | D:1      | a merfolk changed into a water nymph
   293 | D:1      | Noticed a glowing orange brain
   293 | D:1      | a water nymph changed into a glowing orange brain
   294 | D:1      | Noticed a water nymph
   294 | D:1      | a glowing orange brain changed into a water nymph
   295 | D:1      | Noticed an anaconda
   295 | D:1      | a water nymph changed into an anaconda
   297 | D:1      | XOM: enchant monster (good)
   297 | D:1      | HP: 1/24 [anaconda (glowing shapeshifter) (3)]
   297 | D:1      | Slain by an anaconda (glowing shapeshifter)

Illustrated notes

Levels and vault maps discovered:
D:1:      dpeg_arrival_arbitrary_a, layout_basic, serial_glass, glass_columns_c,
          glass_columns_a

Skill      XL: |  1  2 |
---------------+-------+-----
Armour         | 3 |  3.3
Fighting       | |  3.2
Long Blades    | |  3.0
Dodging        | |  0.8

Action                   || total
-------------------------++-------
Melee: Falchion          ||    31
 Stab: Paralysed         ||     1
Armor: Leather armour    ||    10
Dodge: Dodged            ||    24
       Rpst.: Falchion   ||     6
